 Dungeon Crawl Stone Soup version 0.18.1-50-g88ac8fd (webtiles) character file.

44 Kirkhe the Firebug (level 3, -5/21 HPs)
             Began as an Octopode Fire Elementalist on Oct 11, 2016.
             Slain by Terence
             ... wielding a cursed +0 mace
              (6 damage)
             ... on level 1 of the Dungeon.
             The game lasted 00:04:01 (1136 turns).

Kirkhe the Firebug (Octopode Fire Elementalist)     Turns: 1136, Time: 00:04:01

Health: -5/21      AC:  1    Str:  7    XL:     3   Next: 62%
Magic:  0/6        EV: 12    Int: 18    God:
Gold:   104        SH:  0    Dex: 12    Spells: 1 memorised, 6 levels left

rFire  . . .     SeeInvis .     g - +0 dagger
rCold  . . .     Gourm    .     (no shield)
rNeg   . . .     Faith    .     (helmet restricted)
rPois  .         Spirit   .     (no amulet)
rElec  .         Dismiss  .     (no ring)
rCorr  .         Reflect  .     (no ring)
SustAt .         Harm     .     (no ring)
MR     .....                    (no ring)
Stlth  +++.......               (no ring)
                                (no ring)
                                (no ring)
                                (no ring)

@: very slightly contaminated, not resistant to hostile enchantments, fairly
stealthy
A: almost no armour, amphibious, 8 rings, constrict 8, camouflage 1, gelatinous
body 1
a: no special abilities


You were on level 1 of the Dungeon.
You were not hungry.

You visited 1 branch of the dungeon, and saw 2 of its levels.

You collected 104 gold pieces.

Inventory:

Hand Weapons
 g - a +0 dagger (weapon)
Missiles
 d - 8 needles of confusion
Wands
 o - a wand of confusion (26/48)
Scrolls
 e - 2 scrolls of teleportation {unknown}
 f - 3 scrolls of identify {unknown}
 k - a scroll of noise {unknown}
 p - a scroll of remove curse {unknown}
Potions
 c - a potion of berserk rage {unknown}
 h - 2 potions of magic {unknown}
 j - 3 potions of resistance {unknown}
 l - a potion of might {unknown}
 m - a potion of heal wounds {unknown}
Books
 a - a book of Flames

   Spells                             Type                      Level
   a - Flame Tongue                   Conjuration/Fire             1
   b - Throw Flame                    Conjuration/Fire             2
   c - Conjure Flame                  Conjuration/Fire             3
   d - Inner Flame                    Hexes/Fire                   3
   e - Sticky Flame                   Conjuration/Fire             4
   f - Fireball                       Conjuration/Fire             5
Comestibles
 b - 2 bread rations
 i - a beef jerky
 n - 3 chunks of flesh
 q - a meat ration


   Skills:
 - Level 2.0 Dodging
 - Level 2.6 Stealth
 + Level 2.6 Spellcasting
 + Level 1.2 Conjurations
 + Level 4.0 Fire Magic


You had 6 spell levels left.
You knew the following spells:

 Your Spells              Type           Power        Failure   Level  Hunger
a - Flame Tongue          Conj/Fire      ##...        8%          1    #......


Dungeon Overview and Level Annotations

Branches:
Dungeon (2/15)

Altars:

Annotations:
D:1 Terence


Innate Abilities, Weirdness & Mutations

You cannot wear most types of armour.
You are amphibious.
You can wear up to eight rings at the same time.
You can use your tentacles to constrict eight enemies at once.
Your skin changes colour to match your surroundings (Stealth).
Your rubbery body absorbs attacks (AC +1).


Message History

Sorry, you're not good enough to have a special ability.
Unknown command.
Sorry, you're not good enough to have a special ability.
Unknown command.
Casting: Flame Tongue
Confirm with . or Enter, or press ? or * to list all spells.
Aiming: Flame Tongue
Press: ? - help, Shift-Dir - straight line, f/p - Terence
Aim: Terence, wielding a mace and wearing a glowing chain mail (heavily wounded)
The flame tongue hits Terence.
Terence appears unharmed.
Terence is heavily wounded.
Casting: Flame Tongue
Confirm with . or Enter, or press ? or * to list all spells.
Aiming: Flame Tongue
Press: ? - help, Shift-Dir - straight line, f/p - Terence
Aim: Terence, wielding a mace and wearing a glowing chain mail (heavily wounded)
The flame tongue hits Terence.
Terence is severely wounded.
Terence hits you with a mace.
You die...

#.#.....##......#######.#
#>......................#
........##.......######## #
........##..(.....# #
.....#####........## #
(....########....).# #
.....'...........#.## #
.....########....#..### # .....#
#....@@#....# #### ...###
#...##.#....# #.## ...#
#...##.#....# #.## ...#
######.#....# #.##
...#############.#....########.##
...............................).
#########......##...#.####..#####
#......#....#..# #.......
#......#....##.###)..####


You could see Terence.

Vanquished Creatures
  A worm (D:1)
  2 dart slugs (D:1)
  2 giant geckos (D:1)
  3 bats
  A giant cockroach (D:2)
  7 goblins
  5 hobgoblins
  2 kobolds (D:1)
  A quokka (D:2)
  A giant newt (D:1)
  8 rats
33 creatures vanquished.

Notes
Turn   | Place    | Note
--------------------------------------------------------------
     0 | D:1      | Kirkhe the Octopode Fire Elementalist began the quest for the Orb.
     0 | D:1      | Reached XP level 1. HP: 11/11 MP: 3/3
   228 | D:1      | Reached XP level 2. HP: 17/17 MP: 1/5
   444 | D:1      | Reached XP level 3. HP: 17/21 MP: 0/6
   994 | D:2      | Noticed Terence
  1028 | D:2      | Reached skill level 4 in Fire Magic
  1134 | D:1      | HP: 1/21 [Terence/mace (4)]
  1136 | D:1      | Slain by Terence

Skill      XL: |  1  2  3 |
---------------+----------+-----
Fire Magic     | 4 |  4.0
Dodging        | |  2.0
Stealth        | |  2.6
Spellcasting   | |  2.6
Conjurations   | |  1.2

Action                   || total
-------------------------++-------
Melee: Unarmed           ||    26
       Constrict         ||    11
       Tentacles         ||     9
       Dagger            ||     5
 Cast: Flame Tongue      ||    54
 Stab: Sleeping          ||     2
  Eat: Chunk             ||     1
Armor: Skin              ||     8
Dodge: Dodged            ||    31
